 Dungeon Crawl Stone Soup version 0.27-a0-972-gd1521fd518 (webtiles) character file.

Game seed: 15997205413025664882

9 polve the Skirmisher (level 2, 0/24 HPs)
             Began as a Demonspawn Abyssal Knight on Apr 13, 2021.
             Was an Initiate of Lugonu.
             Slain by a jackal (2 damage)
             ... on level 1 of the Dungeon.
             The game lasted 00:00:36 (1235 turns).

polve the Skirmisher (Demonspawn Abyssal Knight)    Turns: 1235, Time: 00:00:37

Health: 0/24       AC:  3    Str: 12    XL:     2   Next: 3%
Magic:  3/3        EV: 11    Int: 13    God:    Lugonu [......]
Gold:   14         SH:  0    Dex: 12    Spells: 1/1 levels left

rFire    . . .     SeeInvis .   a - +1 short sword
rCold    . . .     Faith    .   (no shield)
rNeg     . . .     Spirit   .   b - +0 leather armour
rPois    .         Reflect  .   (no helmet)
rElec    .         Harm     .   (no cloak)
rCorr    .         Rampage  .   (no gloves)
Will     .....                  (no boots)
Stlth    +.........             (no amulet)
HPRegen  0.08/turn              (no ring)
MPRegen  0.08/turn              (no ring)

@: no status effects
A: powered by pain 1
a: Renounce Religion


You were on level 1 of the Dungeon.
You worshipped Lugonu.
Lugonu was noncommittal.
You visited 1 branch of the dungeon, and saw 1 of its levels.
You visited the Abyss 1 time.

You collected 14 gold pieces.

Inventory:

Hand Weapons
 a - a +1 short sword (weapon)
Armour
 b - a +0 leather armour (worn)
Scrolls
 c - a scroll of acquirement {unknown}
 d - a scroll of identify {unknown}
 f - a scroll of noise {unknown}
Potions
 e - a potion of heal wounds


   Skills:
 - Level 3.0 Fighting
 + Level 2.5 Short Blades
 - Level 1.7 Armour
 - Level 0.8 Dodging
 - Level 2.4 Invocations


You had one spell level left.
You didn't know any spells.
Your spell library was empty.

Dungeon Overview and Level Annotations

Branches:
Dungeon (1/15)

Altars:

Shops:
D:1 :


Innate Abilities, Weirdness & Mutations

You sometimes gain a little power by taking damage.


Message History

The rat bites you but does no damage.
The jackal bites you but does no damage.
The jackal bites you but does no damage.
The rat bites you but does no damage. The jackal misses you.
The rat barely misses you.
The jackal barely misses you. x2; The rat bites you.
The jackal barely misses you. The rat bites you but does no damage.
The jackal bites you. The rat barely misses you. The jackal bites you.
The jackal closely misses you. The rat barely misses you.
The jackal bites you but does no damage.
The rat bites you but does no damage.
The jackal misses you. x2; The rat bites you but does no damage.
The jackal barely misses you. The rat closely misses you.
The jackal closely misses you. The rat barely misses you.
The jackal misses you. The jackal bites you. The rat closely misses you.
The jackal barely misses you. The rat bites you but does no damage.
The jackal bites you but does no damage.
The jackal bites you.
* * * LOW HITPOINT WARNING * * *
The rat closely misses you. The jackal bites you.
* * * LOW HITPOINT WARNING * * *
The rat bites you but does no damage.
The jackal bites you but does no damage.
The rat bites you but does no damage. The jackal closely misses you.
The jackal bites you but does no damage.
The rat barely misses you. The jackal misses you.
The rat bites you but does no damage. The jackal barely misses you.
The jackal bites you but does no damage.
The rat misses you. The jackal closely misses you. The rat closely misses you.
The jackal closely misses you. The rat closely misses you.
The jackal bites you.
* * * LOW HITPOINT WARNING * * *
The jackal bites you but does no damage.
The rat barely misses you. The jackal bites you.
You die...

###........# ....[.
##.#####.# ......
########.....# ......
...........#.#
......#########.....#
....wh+.# #.#.###
.....h#.# ##.#.#
#h.######..#.#
#@.........#.#
#r#######8## #.# ...#
..# #.>.# #### ....#
.##∩.# .. .... . .8..


You could see a dart slug, 3 jackals and a rat.

Vanquished Creatures
  An endoplasm (D:1)
  A hobgoblin (D:1)
  A kobold (D:1)
  A quokka (D:1)
  A bat (D:1)
  A frilled lizard (D:1)
  3 rats (D:1)
9 creatures vanquished.

Notes
Turn   | Place    | Note
-------+----------+-------------------------------------------
     0 | Abyss:1  | polve the Demonspawn Abyssal Knight began the quest for the
                  | Orb.
     0 | Abyss:1  | Reached XP level 1. HP: 18/18 MP: 2/2
   255 | Abyss:1  | Noticed an orange demon
   259 | D:1      | Escaped the Abyss
   984 | D:1      | Gained mutation: You sometimes gain a little power by
                  | taking damage. [demonic ancestry]
   984 | D:1      | Reached XP level 2. HP: 9/24 MP: 3/3
  1179 | D:1      | Found Kimekhli's Book Shop.
  1235 | D:1      | Slain by a jackal

Illustrated notes

Levels and vault maps discovered:
D:1:      dpeg_arrival_water_fire, layout_basic, serial_shops, shop_statue,
          minmay_pentomino_p4

Skill      XL: |  1 |
---------------+----+-----
Short Blades   | 2 |  2.5
Fighting       | |  3.0
Armour         | |  1.7
Dodging        | |  0.8
Invocations    | |  2.4

Action                   || total
-------------------------++-------
Melee: Short sword       ||    37
Invok: Depart the Abyss  ||     1
  Use: Potion            ||     1
Armor: Leather armour    ||    49
Dodge: Dodged            ||    77

Table legend: (Time is in decaauts)
 A = Elapsed time spent in this place.
 B = Non-inter-level travel time spent in this place.
 C = Inter-level travel time spent in this place.
 D = Time resting spent in this place.
 E = Time spent auto-exploring this place.
 F = Levels seen in this place.
 G = Mean time per level.
                   A        B        C        D        E       F      G
               +--------+--------+--------+--------+--------+-----+--------+
         Total |   1234 |   1234 |      0 |      0 |   1082 |   2 |  617.0 |
       Dungeon |    975 |    975 |      0 |      0 |    830 |   1 |  975.0 |
         Abyss |    259 |    259 |      0 |      0 |    252 |   1 |  259.0 |
               +--------+--------+--------+--------+--------+-----+--------+

Top non-repeatable levels by time:
     D:1: 975 daAuts
 Abyss:1: 259 daAuts
